 Dungeon Crawl Stone Soup version 0.32-a0-132-g2d33c3cfaf (webtiles) character file.

Game seed: 6513295872927102555

3 Bravepunisher the Ducker (level 1, -7/11 HPs)
             Began as a Spriggan Monk on Feb 9, 2024.
             Killed from afar by Blork the orc (9 damage)
             ... with a puff of flame
             ... on level 4 of the Dungeon.
             The game lasted 00:01:48 (328 turns).

Bravepunisher the Ducker (Spriggan Monk)             Turns: 328, Time: 00:01:49

Health: -7/11      AC:  2    Str:  7    XL:     1   Next: 41%
Magic:  2/2        EV: 19    Int: 11    God:
Gold:   0          SH:  0    Dex: 17    Spells: 0/0 levels left

rFire   . . .        a - +0 short sword
rCold   . . .        (no shield)
rNeg    . . .        b - +0 robe
rPois   .            (helmet restricted)
rElec   .            (no cloak)
rCorr   .            (gloves unavailable)
SInv    +            (boots unavailable)
Will    .....        (no amulet)
Stlth   ++           (no ring)
HPRegen 0.21/turn    (no ring)
MPRegen 0.08/turn

%: no passive effects
@: very quick
A: very small, no large weapons, unfitting armour, see invisible, speed 3
a: no special abilities


You were on level 4 of the Dungeon.
You visited 1 branch of the dungeon, and saw 5 of its levels.

Inventory:

Hand Weapons
 a - a +0 short sword (weapon)
Armour
 b - a +0 robe (worn)
Potions
 c - a potion of ambrosia
 d - a potion of magic {unknown}


   Skills:
 + Level 2.5 Fighting
 - Level 3.2 Short Blades
 * Level 4.2 Dodging


You couldn't memorise any spells.
You didn't know any spells.
Your spell library was empty.

Dungeon Overview and Level Annotations

Branches:
Dungeon (5/15)
 Temple: D:4-7

Altars:
Gozag
Hepliaklqana

Annotations:
D:4 Blork the orc, Edmund


Innate Abilities, Weirdness & Mutations

You are very small and have problems with some larger weapons.
You are too small for most types of armour.
You have supernaturally acute eyesight. (SInv)
You cover ground extremely quickly. (Speed+++)


Message History

The dart slug launches a dart at you. The slug dart misses you.
You hit the dart slug.
You kill the dart slug!
Found 7 stones.
Found a stone staircase leading down.
There is a stone staircase leading down here.
You climb downwards.
There is a stone staircase leading up here.
You climb upwards.
There is a stone staircase leading down here.
Found a smouldering ring mail.
You see here the +0 ring mail of the Evening Star {rF+ rN++}.
Blork the orc comes into view.
He is wielding a +0 halberd and carrying a wand of flame.
Found a chain mail.
Blork the orc shouts!
You hear a bark!
Blork the orc casts a spell.
Blork the orc seems to speed up.
You see here a scroll labelled BIL AM TICH.
A jackal comes into view.
Blork the orc gestures at you while chanting.
The magic dart hits you.
Edmund the Younger comes into view.
He is wielding a +4 dire flail of protection and wearing a +1 leather armour of willpower.
Found a kite shield.
Edmund shouts!
Found 3 gold pieces.
Found a stone staircase leading up.
Found a green potion.
Found a stone staircase leading up.
Found a wand of flame (20).
Found a dagger.
There is a stone staircase leading up here.
A quokka comes into view.
Found a sling.
You open the door.
Blork the orc zaps a wand.
The puff of flame hits you!
Ouch! That really hurt!
* * * LOW HITPOINT WARNING * * *
There is an open door here.
You open the door.
Blork the orc zaps a wand.
The puff of flame hits you!
Ouch! That really hurt!
You die...

#...###.#.#.#..)#
....# #.#.#.#.#.#.#
....# #.#.#.#.#.#.#
....###.#.#.#)#.#.#
..........#.#.#.#.#
......o...$.#.#r#.#
[........@..<...#.#
..#.####..#.#.###'##
..#.# #<.#.#.#.@..#
..... ....o...'....#
.#######..#####....#
..... +....# ./..!#
#....# .....# ######


You could see Blork the orc (fast).

Vanquished Creatures
  A dart slug (D:4)
  A kobold (D:4)
2 creatures vanquished.

Notes
Turn   | Place    | Note
-------+----------+-------------------------------------------
     0 | D:1      | Bravepunisher the Spriggan Monk began the quest for the
                  | Orb.
     0 | D:1      | Reached XP level 1. HP: 11/11 MP: 2/2
    27 | D:2      | Found a hazy altar of Hepliaklqana.
   201 | D:3      | Found an opulent altar of Gozag.
   289 | D:5      | Entered Level 5 of the Dungeon
   289 | D:5      | Noticed a scorpion
   294 | D:4      | Identified the +0 ring mail of the Evening Star {rF+ rN++}
   297 | D:4      | Noticed Blork the orc
   306 | D:4      | Noticed Edmund
   328 | D:4      | Killed from afar by Blork the orc

Illustrated notes

Levels and vault maps discovered:
D:1:      minmay_arrival_floating_metal, layout_basic, minmay_pentomino_s4
D:2:      layout_basic, basic_altar
D:3:      layout_basic, pdpol_temple_overflow_zin_treasury_gozag_greed,
          lemuel_tele_altar, slow_altar_2, nicolae_eternal_life, uniq_robin
D:4:      layout_basic, uniq_blork_the_orc, uniq_grinder, uniq_edmund
D:5:      layout_rooms, kennysheep_mini_moat, chequers_big_river

Action                     || total
---------------------------++-------
  Melee: Short sword       ||    12
         Punch             ||     2
   Stab: Sleeping          ||     1
 Armour: Robe              ||    14
  Dodge: Dodged            ||    26

Table legend: (Time is in decaauts)
 A = Elapsed time spent in this place.
 B = Non-inter-level travel time spent in this place.
 C = Inter-level travel time spent in this place.
 D = Time resting spent in this place.
 E = Time spent auto-exploring this place.
 F = Levels seen in this place.
 G = Mean time per level.
                   A        B        C        D        E       F      G
               +--------+--------+--------+--------+--------+-----+--------+
         Total |    208 |    208 |      0 |      0 |     51 |   5 |   41.6 |
       Dungeon |    208 |    208 |      0 |      0 |     51 |   5 |   41.6 |
               +--------+--------+--------+--------+--------+-----+--------+

Top non-repeatable levels by time:
     D:3: 67 daAuts
     D:4: 65 daAuts
     D:2: 63 daAuts
     D:1: 9 daAuts
     D:5: 1 daAuts
